Map: Catalyst LE

Players

KaasGrater

  • Race: Protoss Protoss
  • League: Diamond
  • Spawn Location: 11:00

A.I. 1 (Easy) - Winner!

  • Race: Protoss Protoss
  • Spawn Location: 5:00

VOD

Have the link to the VOD?

Description

Time

  • Played on: July 26, 2018, 4:46 p.m.
  • Length: 5:25
Show
View Real Time Build Order
Export as new Build Order

KaasGrater Protoss 

Build Orders: Phoenix Opening 

Get SALT Encoding   

  12  0:01  Probe  
  13  0:13  Probe  
  14  0:18  Pylon  
  14  0:25  Probe  
  15  0:37  Gateway  
  15  0:38  Probe  
  16  0:48  Assimilator  
  16  0:50  Probe  
  17  0:57  Assimilator  
  17  1:02  Probe  
  18  1:17  Probe, Gateway  
  19  1:29  Probe  
  19  1:31  Cybernetics Core  
  20  1:41  Probe  
  21  1:54  Pylon  
  21  1:56  Probe  
  22  2:11  Stalker  
  22  2:12  Stalker, Warp Gate  
  26  2:18  Probe  
  27  2:24  Stargate  
  27  2:41  Stalker x2  
  31  2:51  Pylon  
  31  3:01  Phoenix  
  33  3:13  Stalker  
  33  3:16  Stalker  
  37  3:23  Pylon  
  37  3:34  Phoenix  
  39  3:43  Gateway  
  39  3:55  Phoenix  
  41  4:13  Phoenix  
  43  4:24  Stalker  
  43  4:26  Zealot  
  47  4:50  Pylon  
  47  5:12  Stalker x3  
Show
View Real Time Build Order
Export as new Build Order

A.I. 1 (Easy) Protoss - Winner!

Build Orders:  

Get SALT Encoding   

  12  0:00  Probe  
  13  0:13  Probe  
  14  0:19  Pylon  
  14  0:25  Probe  
  15  0:34  Probe  
  15  0:41  Gateway  
  16  0:45  Assimilator  
  16  0:54  Pylon  
  16  1:16  Assimilator  
  16  1:23  Zealot  
  16  1:32  Cybernetics Core  
  18  1:46  Probe  
  19  1:59  Probe, Pylon  
  19  2:07  Probe  
  20  2:10  Adept  
  20  2:12  Warp Gate  
  23  2:16  Probe  
  24  2:28  Probe  
  25  2:37  Adept  
  25  2:40  Probe  
  28  2:55  Stalker  
  30  5:01  Stalker  
  30  5:04  Pylon  
  24  5:17  Zealot  
Tags
 
League
Diamond
Matchup
PvP
Spawn Locations
Cross Positions
Add a new tag
Caveats
  • Supply blocks, unpowered buildings, or Contaminate may cause inaccurate times.
  • Supply counts are checked every 10 seconds.